AoeStats
← RIO1000

Arabia

510396718Analyzed
1v1 RM · 2d ago on Sep 30, 2026· 35m 29s· 2 players
Game mode
Random Map
Map size
Tiny (2 player)
Population
200
Speed
Normal
Resources
Standard
Victory
Conquest
Starting age
Dark Age
Ending age
Imperial Age
RankedLock teamsTeams togetherTeam positionsShared explorationLock speedFull tech treeHidden civsTurbo modeCheats
Victory
Defeat
🇨🇴 Franks · Colombia
803
+17
🇲🇽 Magyars · Mexico
834
-17
RIO1000
10:51 Feudal Age
11:29 Loom
11:30 Double-Bit Axe
20:49 Castle Age
19:55 Gold Mining
20:51 Horse Collar
21:48 Bow Saw
22:36 Heavy Plow
25:29 Bloodlines
26:03 Husbandry
26:16 Scale Barding Armor
27:41 Chain Barding Armor
30:07 Stone Mining
alejandrosandoval013102
5:18 Loom
10:33 Feudal Age
20:39 Castle Age
20:18 Gold Mining
22:43 Gold Shaft Mining
31:56 Imperial Age
Connection lost

Rejoining the realm…

Still unreachable

The connection could not be restored.

Session expired

The server has moved on; the page needs a fresh start.